 Dungeon Sprint DCSS version 0.17-a0-2147-gfb20a63 (webtiles) character file.

82 Kidiri the Sneak (level 4, -6/19 HPs)
             Began as a Spriggan Enchanter on Oct 24, 2015.
             Mangled by a water elemental (12 damage)
             ... in the Dungeon (Sprint III: "The Ten Rune Challenge").
             The game lasted 00:02:08 (187 turns).

Kidiri the Sneak (Spriggan Enchanter)                Turns: 187, Time: 00:02:08

Health: -6/19      AC:  4    Str:  4    XL:     4   Next: 21%
Magic:  1/12       EV: 21    Int: 16    God:
Gold:   25         SH:  0    Dex: 19    Spells: 5 memorised, 1 level left

rFire  . . .     SeeInvis +     a - +1 dagger
rCold  . . .     Rnd*Rage +     b - +1 robe
rNeg   . . .     SustAt   .     (shield restricted)
rPois  +         Gourm    .     (helmet restricted)
rElec  .         Spirit   .     m - +0 cloak (curse)
rCorr  .         Warding  .     (gloves unavailable)
rMut   .         NoTele   +     (boots unavailable)
MR     .....                    (no amulet)
Stlth  ++++......               (no ring)
                                (no ring)

@: very slightly contaminated, very quick, not resistant to hostile
enchantments, stealthy
A: unfitting armour, claws 1, horns 1, see invisible, agile 1, berserk 1,
herbivore 3, speed 3, frail 1, poison resistance, slow metabolism 2, subdued
magic 1
a: no special abilities


You were in the Dungeon.
You were not hungry.

You visited 1 branch You collected 25 gold pieces.

Inventory:

Hand Weapons
 a - a +1 dagger (weapon)
Armour
 b - a +1 robe (worn)
 m - a cursed +0 cloak (worn)
Wands
 l - a wand of heal wounds (2)
Scrolls
 j - a scroll of blinking
 k - a scroll of identify
 o - 2 scrolls of immolation
 p - a scroll of magic mapping
 s - 2 scrolls of remove curse
Potions
 e - a potion of curing
 f - a potion of heal wounds
 g - a potion of haste
 h - 2 potions of magic
 i - a potion of berserk rage
 q - 2 potions of cure mutation
 r - 3 potions of flight
 t - a potion of resistance
Comestibles
 d - 3 bread rations


   Skills:
 + Level 1.5 Fighting
 * Level 3.8 Short Blades
 + Level 1.5 Armour
 * Level 5.5 Dodging
 * Level 6.8 Stealth
 * Level 5.0 Spellcasting
 + Level 0.7 Conjurations
 + Level 4.4 Hexes
 + Level 1.2 Ice Magic


You had one spell level left.
You knew the following spells:

 Your Spells              Type           Power        Failure   Level  Hunger
a - Corona                Hex            ##.....      1%          1    None
b - Ensorcelled Hibernat  Hex/Ice        #.....       4%          2    #......
c - Confuse               Hex            ##......     4%          3    ###....
d - Tukima's Dance        Hex            ##......     4%          3    ###....
e - Dazzling Spray        Conj/Hex       #.......     9%          3    ###....


Dungeon Overview and Level Annotations

Branches:
Dungeon (1/1)

Altars:


Innate Abilities, Weirdness & Mutations

You are tiny and cannot use many weapons and most armour.
You have supernaturally acute eyesight.
You are a herbivore.
You cover ground extremely quickly.
You need consume almost no food.
You have sharp fingernails.
You have a pair of small horns on your head.
You are agile. (Dex +2)
You tend to lose your temper in combat.
You are frail (-10% HP).
Your system is resistant to poisons.
Your spells are a little easier to cast, but a little less powerful.


Message History

You closely miss the water elemental. You headbutt the water elemental.
The water elemental is severely damaged.
The water elemental misses you.
Things that are here:
a quarterstaff of chaos; the gnoll corpse of Crazy Yiuf You closely miss the water elemental.
The water elemental is severely damaged.
The water elemental completely misses you.
You barely miss the water elemental.
The water elemental is severely damaged.
The water elemental hits you!
Ouch! That really hurt!
The water elemental engulfs you in water!
With effort, you pull free of the water engulfing you.
You gasp with relief as air once again reaches your lungs.
You hit the water elemental.
The water elemental is severely damaged.
The water elemental hits you!
Ouch! That really hurt!
You die...

▓<..#...#### ##.#
▓...#......#####..#
▓..##.......#:.#..#
▓##.##.##..%#..#..###+#+###
##.##.###..##+#..#........
▓#.####.##..###...'.⌠......
▓.###..##..####...#...####
▓#.....##..###....#.⌠.#
###..##).@##.....#...#
##..##...E#......#+###
#..###..##)#.....# #..#
#..#####....# ▓▓▓▓ ▓▓▓▓
▓▓▓▓▓▓


You could see a water elemental.

Vanquished Creatures
  Crazy Yiuf (D)
  Jessica (D)
  A human (D)
  2 oozes (D)
  A rat (D)
6 creatures vanquished.

Vanquished Creatures (others)
  A yaktaur (D)
1 creature vanquished.

Grand Total: 7 creatures vanquished

Notes
Turn   | Place    | Note
--------------------------------------------------------------
     0 | D        | Kidiri the Spriggan Enchanter began the quest for the Orb.
     0 | D        | Reached XP level 1. HP: 9/9 MP: 5/5
    11 | D        | Reached skill level 5 in Stealth
    11 | D        | Reached XP level 2. HP: 14/14 MP: 7/7
    19 | D        | Learned a level 2 spell: Ensorcelled Hibernation
    44 | D        | Noticed Jessica
    48 | D        | Killed Jessica
    48 | D        | Reached skill level 1 in Fighting
    48 | D        | Reached skill level 1 in Armour
    48 | D        | Reached skill level 6 in Stealth
    48 | D        | Reached XP level 3. HP: 18/18 MP: 7/9
    53 | D        | Learned a level 3 spell: Confuse
    57 | D        | Learned a level 3 spell: Dazzling Spray
    79 | D        | Noticed Crazy Yiuf
    82 | D        | Killed a yaktaur
    85 | D        | Killed Crazy Yiuf
    85 | D        | Reached skill level 5 in Dodging
    85 | D        | Reached skill level 1 in Ice Magic
    88 | D        | Reached skill level 5 in Spellcasting
    88 | D        | Reached XP level 4. HP: 22/22 MP: 3/12
    93 | D        | Learned a level 3 spell: Tukima's Dance
   120 | D        | Gained mutation: You tend to lose your temper in combat. [potion of mutation]
   120 | D        | Gained mutation: You are frail (-10% HP). [potion of mutation]
   120 | D        | Gained mutation: You have a pair of small horns on your head. [potion of mutation]
   121 | D        | Gained mutation: You have sharp fingernails. [potion of mutation]
   121 | D        | Gained mutation: Your system is resistant to poisons. [potion of mutation]
   122 | D        | Gained mutation: You are agile. (Dex +2) [potion of mutation]
   123 | D        | Gained mutation: Your spells are a little easier to cast, but a little less powerful. [potion of mutation]
   165 | D        | Noticed a water elemental
   187 | D        | Mangled by a water elemental

Vault maps used:
D:        dungeon_sprint_mu

Action                   |  1- 3 |  4- 6 || total
-------------------------+-------+-------++-------
Melee: Dagger            |     6 |     5 ||    11
 Cast: Ensorcelled Hiber |     2 |       ||     2
       Dazzling Spray    |       |     3 ||     3
  Use: Scroll            |       |     4 ||     4
       Potion            |       |     4 ||     4
 Stab: Sleeping          |     6 |       ||     6
